 Dungeon Crawl Stone Soup version 0.26-a0-597-gb535b0901c (webtiles) character file.

Game seed: 3379143733869636869

205 Lanoc the Charlatan (level 5, -7/27 HPs)
             Began as a Vine Stalker Artificer on Sept 6, 2020.
             Mangled by a mummy (17 damage)
             ... in an ossuary.
             The game lasted 00:07:02 (2256 turns).

Lanoc the Charlatan (Vine Stalker Artificer)        Turns: 2256, Time: 00:07:02

Health: -7/27      AC:  7    Str: 11 (14) XL:     5   Next: 83%
Magic:  0/6        EV: 12    Int: 10 (11) God:
Gold:   124        SH:  5    Dex: 14 (16) Spells: 4/4 levels left

rFire    . . .     SeeInvis .   a - +0 club
rCold    . . .     Faith    .   (no shield)
rNeg     . . .     Spirit   +   b - +0 leather armour
rPois    .         Reflect  +   (no helmet)
rElec    .         Harm     .   (no cloak)
rCorr    .                      (no gloves)
MR       .....                  (no boots)
Stlth    ++........             e - amulet of reflection
HPRegen  0.49/turn              o - +4 ring of protection
MPRegen  0.10/turn              (no ring)

@: no status effects
A: fangs 2, regeneration 1, magic shield, antimagic bite, no potion heal 3, rot
immunity
a: no special abilities


You were in an ossuary.
You visited 1 branch of the dungeon, and saw 4 of its levels.
You also visited: Sewer and Ossuary.

You collected 124 gold pieces.

Inventory:

Hand Weapons
 a - a +0 club (weapon)
Armour
 b - a +0 leather armour (worn)
Jewellery
 e - an amulet of reflection (around neck)
 o - a +4 ring of protection (left hand)
Wands
 d - a wand of enslavement (10)
Scrolls
 n - a scroll of enchant armour {unknown}
Potions
 f - a potion of haste
 l - a potion of ambrosia {unknown}
 p - a potion of lignification


   Skills:
 + Level 2.4 Fighting
 - Level 1.6 Armour
 + Level 2.2 Dodging
 - Level 1.2 Stealth
 * Level 4.4 Evocations


You had 4 spell levels left.
You didn't know any spells.
Your spell library was empty.

Dungeon Overview and Level Annotations

Branches:
Dungeon (4/15)              Sewer (visited)         Ossuary (1/1)
 Temple: D:4-7

Altars:
Ru


Innate Abilities, Weirdness & Mutations

You have extremely sharp teeth.
Your natural rate of healing is unusually fast.
When hurt, damage is shared between your health and your magic reserves.
Your bite disrupts and absorbs the magic of your enemies.
Potions cannot restore your health.
You are immune to rotting.


Message History

You barely miss the killer bee zombie.
The killer bee zombie is almost destroyed.
The killer bee zombie hits you. The killer bee zombie misses you. x2
You closely miss the killer bee zombie. You bite the killer bee zombie.
You drain its power.
You feel invigorated.
The killer bee zombie is almost destroyed.
The killer bee zombie hits you. The mummy hits you!
The killer bee zombie hits you but does no damage.
The mummy closely misses you.
You barely miss the killer bee zombie.
The killer bee zombie is almost destroyed.
You block the killer bee zombie's attack.
The killer bee zombie hits you. The mummy barely misses you.
You closely miss the killer bee zombie.
The killer bee zombie is almost destroyed.
The killer bee zombie hits you.
The killer bee zombie closely misses you.
The mummy barely misses you. The mummy hits you!!
Ouch! That really hurt!
You die...

#####
#..∩#
#.∩.#
#Z@M#
##M##
.≈≈
≈.#+#


P≈P ##≈≈ ≈≈≈ ##≈≈ You could see 2 mummies and a killer bee zombie.

Vanquished Creatures
  A big kobold (Sewer)
  Natasha (D:3)
  2 adders
  A river rat (D:3)
  2 oozes (Sewer)
  7 worms
  2 leopard geckos (D:3)
  A ball python (Sewer)
  3 giant cockroaches
  4 hobgoblins
  3 jackals (D:2)
  9 kobolds
  2 quokkas
  3 bats
  2 frilled lizards (D:3)
  4 goblins
  6 rats
53 creatures vanquished.

Vanquished Creatures (collateral kills)
  2 orcs (D:4)
  A giant cockroach (D:4)
3 creatures vanquished.

Vanquished Creatures (others)
  A big kobold (Sewer)
  A worker ant (D:4)
  An adder (D:4)
  An orc (D:4)
  2 plants (D:4)
6 creatures vanquished.

Grand Total: 62 creatures vanquished

Notes
Turn   | Place    | Note
-------+----------+-------------------------------------------
     0 | D:1      | Lanoc the Vine Stalker Artificer began the quest for the
                  | Orb.
     0 | D:1      | Reached XP level 1. HP: 9/9 MP: 2/2
    33 | D:1      | Reached skill level 1 in Fighting
   414 | D:2      | Reached skill level 1 in Dodging
   414 | D:2      | Reached skill level 3 in Evocations
   414 | D:2      | Reached XP level 2. HP: 14/14 MP: 3/3
   965 | D:3      | Reached XP level 3. HP: 17/18 MP: 4/4
  1069 | D:3      | Found a glowing drain.
  1112 | Sewer    | Entered a sewer
  1225 | Sewer    | Gained mutation: Your natural rate of healing is unusually
                  | fast. [Vine Stalker growth]
  1225 | Sewer    | Reached XP level 4. HP: 16/23 MP: 5/5
  1491 | Sewer    | Noticed a big kobold
  1491 | Sewer    | Noticed a big kobold
  1531 | Sewer    | Killed a big kobold
  1531 | Sewer    | Reached skill level 4 in Evocations
  1531 | Sewer    | Reached XP level 5. HP: 20/26 MP: 4/6
  1868 | D:3      | Noticed Natasha
  1953 | D:3      | Killed Natasha
  2080 | D:3      | Noticed a hippogriff
  2173 | D:4      | Found a sacrificial altar of Ru.
  2177 | D:4      | Noticed an ogre
  2206 | D:4      | Found a sand-covered staircase.
  2235 | Ossuary  | Entered an ossuary
  2256 | Ossuary  | Mangled by a mummy

Illustrated notes

Levels and vault maps discovered:
D:1:      elethiomel_arrival_maze, layout_basic
D:2:      layout_loops_ring, nicolae_overflow_crystal_walls
D:3:      layout_basic, gup_sewer_entry_bowl, chequers_serial_rivers_micro_d,
          uniq_natasha
D:4:      layout_basic, grunt_temple_overflow_growth_and_decay,
          nicolae_ru_awakened_eye, nicolae_ossuary_entry_ruins
Ossuary:  ossuary_zaba_flooded

Skill      XL: |  1  2  3  4 |
---------------+-------------+-----
Fighting       | 1 2 |  2.4
Dodging        | 1 2 |  2.2
Evocations     | 3 4 |  4.4
Armour         | |  1.6
Stealth        | |  1.2

Action                   |  1- 3 |  4- 6 || total
-------------------------+-------+-------++-------
Melee: Club              |    78 |   140 ||   218
       Bite              |    15 |    31 ||    46
       Unarmed           |       |    13 ||    13
Evoke: Wand              |    25 |    10 ||    35
  Use: Scroll            |       |     8 ||     8
       Potion            |       |     4 ||     4
 Stab: Sleeping          |     2 |     2 ||     4
       Paralysed         |     4 |     5 ||     9
Armor: Leather armour    |    30 |    36 ||    66
       Skin              |       |     2 ||     2
Dodge: Dodged            |    47 |   106 ||   153
Block: Other             |       |    14 ||    14
       Reflection        |       |     1 ||     1

Table legend: (Time is in decaauts)
 A = Elapsed time spent in this place.
 B = Non-inter-level travel time spent in this place.
 C = Inter-level travel time spent in this place.
 D = Time resting spent in this place.
 E = Time spent auto-exploring this place.
 F = Levels seen in this place.
 G = Mean time per level.
                   A        B        C        D        E       F      G
               +--------+--------+--------+--------+--------+-----+--------+
         Total |   2394 |   2373 |     21 |     79 |   1423 |   6 |  399.0 |
       Dungeon |   1701 |   1680 |     21 |     79 |   1058 |   4 |  425.2 |
         Sewer |    667 |    667 |      0 |      0 |    362 |   1 |  667.0 |
       Ossuary |     25 |     25 |      0 |      0 |      2 |   1 |   25.0 |
               +--------+--------+--------+--------+--------+-----+--------+

Top non-repeatable levels by time:
   Sewer: 667 daAuts
     D:3: 644 daAuts
     D:2: 522 daAuts
     D:1: 406 daAuts
     D:4: 129 daAuts
 Ossuary: 25 daAuts
